 Dungeon Crawl Stone Soup version 0.27-a0-1136-g0b992a5a9d (webtiles) character file.

Game seed: 3072312269732998448

982 Anon1729 the Nimble (level 7, 0/54 HPs)
             Began as a Felid Berserker on May 4, 2021.
             Was a Priest of Trog.
             Slain by Pikel
             ... wielding a +1 whip of freezing
              (1 damage)
             ... on level 6 of the Dungeon on May 5, 2021.
             The game lasted 00:06:34 (7785 turns).

Anon1729 the Nimble (Felid Berserker)               Turns: 7785, Time: 00:06:34

Health: 0/54       AC:  2    Str: 15    XL:     7   Next: 96%
Magic:  8/8        EV: 25    Int:  8    God:    Trog [***...]
Gold:   264        SH:  0    Dex: 22    Spells: 6/6 levels left
                                        Lives:  0   Deaths: 2

rFire    + . .     SeeInvis +     - Unarmed
rCold    . . .     Faith    .   (shield unavailable)
rNeg     . . .     Spirit   .   (armour unavailable)
rPois    .         Reflect  .   (helmet unavailable)
rElec    .         Harm     .   (cloak unavailable)
rCorr    .         Rampage  .   (gloves unavailable)
Will     +....                  (boots unavailable)
Stlth    ..........             (no amulet)
HPRegen  0.18/turn              n - +6 ring of dexterity
MPRegen  0.11/turn              l - ring of protection from fire

@: berserking, very quick
A: very small, claws 1, fangs 3, see invisible, speed 1, shaggy fur 2, stealthy
paws, no weapons or thrown items, no armour, multi-lived
a: Renounce Religion, Berserk, Trog's Hand


You were on level 6 of the Dungeon.
You worshipped Trog.
Trog was most pleased with you.
You visited 1 branch of the dungeon, and saw 6 of its levels.

You collected 264 gold pieces.

Inventory:

Jewellery
 c - a ring of magical power
 l - a ring of protection from fire (right paw)
 n - a +6 ring of dexterity (left paw)
 q - an amulet of guardian spirit
 v - an amulet of the acrobat
Wands
 o - a wand of mindburst (10)
 w - a wand of digging (8)
Scrolls
 a - a scroll of immolation {unknown}
 b - 4 scrolls of blinking {unknown}
 e - 2 scrolls of fog {unknown}
 f - 5 scrolls of identify {unknown}
 i - 2 scrolls of torment {unknown}
 j - a scroll of noise {unknown}
 k - a scroll of enchant weapon {unknown}
 m - a scroll of teleportation {unknown}
 p - a scroll of summoning {unknown}
 t - a scroll of enchant armour {unknown}
 u - a scroll of magic mapping {unknown}
 x - a scroll of vulnerability {unknown}
Potions
 d - a potion of attraction {unknown}
 g - a potion of flight {unknown}
 h - a potion of heal wounds {unknown}
 r - a potion of degeneration {unknown}
 s - a potion of cancellation {unknown}


   Skills:
 + Level 7.2 Fighting
 + Level 9.5 Dodging
 + Level 7.2 Unarmed Combat


You had 6 spell levels left.
You didn't know any spells.
Your spell library was empty.

Dungeon Overview and Level Annotations

Branches:
Dungeon (6/15)             Temple (0/1) D:5

Altars:

Annotations:
D:6 Pikel


Innate Abilities, Weirdness & Mutations

You have sharp claws.
You have razor-sharp teeth.
You have supernaturally acute eyesight. (SInv)
You cover ground quickly. (Speed+)
You are covered in thick fur. (AC +2)
Your paws help you pounce on unaware monsters.
You are incapable of wielding weapons or throwing items.
You cannot wear armour.
You gain extra lives every three experience levels.


Message History

You scratch Pikel but do no damage.
Pikel is moderately wounded.
Pikel closely misses you.
You scratch Pikel.
Pikel is heavily wounded.
Pikel zaps a wand.
The puff of flame misses you.
You barely miss Pikel. Your bite misses Pikel.
Pikel is heavily wounded.
You scratch Pikel. You claw Pikel!
Pikel is severely wounded.
Pikel zaps a wand.
The puff of flame misses you.
You miss Pikel.
Pikel is severely wounded.
Pikel hits you with a +1 whip of freezing.
Pikel freezes you.
You are too injured to fight recklessly!
You are too injured to fight recklessly!
You are too injured to fight recklessly!
You are too injured to fight recklessly!
A red film seems to cover your vision as you go berserk!
You feel yourself moving faster!
You feel mighty!
Pikel hits you with a +1 whip of freezing.
Pikel freezes you.
You are too injured to fight recklessly!
You closely miss Pikel.
Pikel is severely wounded.
Pikel hits you with a +1 whip of freezing.
* * * LOW HITPOINT WARNING * * *
Pikel freezes you.
* * * LOW HITPOINT WARNING * * *
You closely miss Pikel. Your claw misses Pikel.
Pikel is severely wounded.
Unknown command.
Unknown command.
You claw Pikel!
Pikel is almost dead.
Pikel hits you with a +1 whip of freezing!
* * * LOW HITPOINT WARNING * * *
Pikel freezes you.
You die...

#.#....#### #.
###########.#....#########
#.
........................(#
#.
###########.#...5#######.#
#.
#....)......#..........#.#
#.
#.###########.########.#.#
## #.# #.#...<..#.#.# ..#
#.##.#..##.#.# ###
#.##@#..[#.#.#
#.##K#####.#.#
#.##5......#.#
#.##########.# ..# #.#
#.######## #.........
#.######## ###


You could see Pikel and a lemure.

Vanquished Creatures
  Grinder (D:4)
  A steam dragon (D:6)
  A water moccasin (D:6)
  A black bear (D:5)
  A necrophage (D:4)
  A centaur (D:5)
  A phantom (D:5)
  A lemure (D:6)
  Blork the orc (D:4)
  3 scorpions (D:4)
  A water moccasin zombie (D:6)
  2 water moccasin skeletons
  A jelly (D:5)
  2 hounds (D:5)
  Ijyb (D:4)
  2 orc priests (D:5)
  A bullfrog skeleton (D:5)
  2 centaur skeletons (D:4)
  5 iguanas
  2 orc wizards (D:5)
  2 river rats (D:3)
  8 adders
  3 ufetubi
  2 dart slugs (D:1)
  3 worms
  9 orcs
  7 endoplasms
  A giant cockroach (D:4)
  3 goblins (D:2)
  5 hobgoblins
  2 jackals (D:1)
  6 kobolds
  3 quokkas
  9 ball pythons
  4 bats
  2 frilled lizards (D:3)
  4 rats
104 creatures vanquished.

Notes
Turn   | Place    | Note
-------+----------+-------------------------------------------
     0 | D:1      | Anon1729 the Felid Berserker began the quest for the Orb.
     0 | D:1      | Reached XP level 1. HP: 10/10 MP: 2/2
   130 | D:1      | Found a faded altar of an unknown god.
   275 | D:1      | Reached XP level 2. HP: 12/14 MP: 3/3
  1282 | D:2      | Reached XP level 3. HP: 17/17 MP: 4/4
  2081 | D:2      | Reached ** piety under Trog
  2520 | D:3      | Reached skill level 5 in Dodging
  2520 | D:3      | Reached XP level 4. HP: 22/22 MP: 5/5
  3927 | D:4      | Noticed a scorpion
  3934 | D:4      | Killed a scorpion
  3935 | D:4      | Reached XP level 5. HP: 25/25 MP: 6/6
  4017 | D:4      | Noticed Grinder
  4021 | D:4      | Paralysed by Grinder for 6 turns
  4029 | D:4      | Killed from afar by Grinder
  4030 | D:4      | Reached XP level 4. HP: -5/33 MP: 14/14
  4341 | D:4      | Killed Grinder
  4342 | D:4      | Reached skill level 6 in Dodging
  4342 | D:4      | Reached XP level 5. HP: 21/25 MP: 6/6
  4342 | D:4      | Gained mutation: You are covered in thick fur. (AC +2)
                  | [Felid growth]
  4342 | D:4      | Reached XP level 6. HP: 26/30 MP: 7/7
  4466 | D:4      | Reached skill level 5 in Fighting
  4466 | D:4      | Reached skill level 5 in Unarmed Combat
  4604 | D:4      | Noticed Blork the orc
  4611 | D:4      | Killed Blork the orc
  4612 | D:4      | Reached skill level 7 in Dodging
  4616 | D:4      | Reached XP level 7. HP: 33/33 MP: 8/8
  4679 | D:4      | Noticed Ijyb
  4690 | D:4      | Killed Ijyb
  5730 | D:5      | Entered Level 5 of the Dungeon
  5984 | D:5      | Reached skill level 8 in Dodging
  6066 | D:5      | Found a staircase to the Ecumenical Temple.
  6083 | D:5      | Reached *** piety under Trog
  6231 | D:5      | Reached XP level 8. HP: 37/38 MP: 9/9
  6612 | D:5      | Identified the +6 chain mail of Distant Worlds {rCorr}
  7111 | D:6      | Reached skill level 9 in Dodging
  7163 | D:6      | Noticed Pikel
  7195 | D:6      | Killed from afar by Pikel
  7196 | D:6      | Reached XP level 7. HP: 0/35 MP: 8/8
  7321 | D:6      | Noticed a steam dragon
  7329 | D:6      | Killed a steam dragon
  7785 | D:6      | HP: 1/54 [Pikel/+1 whip of freezing (7)]
  7785 | D:6      | Slain by Pikel

Illustrated notes

Levels and vault maps discovered:
D:1:      lemuel_arrival_behind_the_door_large, layout_basic,
          shapermc_ecumenical_altar_mp_urbaneastern
D:2:      layout_basic, minmay_tromino_mix6
D:3:      layout_loops_cross, lightli_sewer_entry_pipes
D:4:      kennysheep_six_static_rooms, layout_cave_pods, corexii_shack,
          corexii_hall_statues_t, uniq_ijyb, uniq_grinder, uniq_blork_the_orc
D:5:      layout_loops_ring, minmay_temple_entry_arrows,
          chequers_serial_rivers_micro_a, guppyfry_early_lair_pool
D:6:      layout_basic, uniq_eustachio, uniq_pikel, uniq_menkaure

Skill      XL: |  1  2  3  4  5  6  7  8 |
---------------+-------------------------+-----
Dodging        | 5 6 7 8 9 |  9.5
Fighting       | 4 5 7 |  7.2
Unarmed Combat | 4 5 7 |  7.2

Action                   |  1- 3 |  4- 6 |  7- 9 || total
-------------------------+-------+-------+-------++-------
Melee: Unarmed           |    84 |   117 |   186 ||   387
       Bite              |     9 |    10 |    31 ||    50
       Punch             |     1 |     1 |     7 ||     9
Invok: Berserk           |     5 |     7 |     6 ||    18
       Trog's Hand       |       |       |     1 ||     1
 Stab: Sleeping          |     1 |     2 |     3 ||     6
Armor: Skin              |     3 |     6 |     5 ||    14
Dodge: Dodged            |    86 |    84 |   188 ||   358

Table legend: (Time is in decaauts)
 A = Elapsed time spent in this place.
 B = Non-inter-level travel time spent in this place.
 C = Inter-level travel time spent in this place.
 D = Time resting spent in this place.
 E = Time spent auto-exploring this place.
 F = Levels seen in this place.
 G = Mean time per level.
                   A        B        C        D        E       F      G
               +--------+--------+--------+--------+--------+-----+--------+
         Total |   7169 |   7056 |    113 |   1406 |   4759 |   6 | 1194.8 |
       Dungeon |   7169 |   7056 |    113 |   1406 |   4759 |   6 | 1194.8 |
               +--------+--------+--------+--------+--------+-----+--------+

Top non-repeatable levels by time:
     D:4: 1759 daAuts
     D:5: 1380 daAuts
     D:1: 1264 daAuts
     D:3: 1258 daAuts
     D:2: 1007 daAuts
     D:6: 499 daAuts
